AoeStats
← AxingQuestions

Lombardia

509213625Analyzed
4v4 RM · 5d ago on Sep 25, 2026· 63m 27s· 8 players
Game mode
Random Map
Map size
Large (8 player)
Population
200
Speed
Normal
Resources
Standard
Victory
Conquest
Starting age
Dark Age
Ending age
Imperial Age
RankedLock teamsTeams togetherTeam positionsShared explorationLock speedFull tech treeHidden civsTurbo modeCheats
Victory
Defeat
🇧🇷 Spanish · Brazil
1254
+14
🇦🇷 Hindustanis · Argentina
1204
+16
🇺🇸 Britons · United States
1143
+18
🇦🇺 Franks · Australia
1123
+20
🇺🇸 Vikings · United States
1227
-18
🇧🇷 Cumans · Brazil
1224
-18
🇩🇪 Khitans · Germany
1208
-17
🇺🇸 Romans · United States
1148
-15
ralph ulrich
12:10 Feudal Age
12:50 Loom
17:14 Castle Age
15:18 Horse Collar
19:28 Double-Bit Axe
21:11 Bow Saw
24:36 Wheelbarrow
25:57 Hand Cart
25:28 Town Watch
25:47 Gold Mining
28:02 Town Patrol
28:29 Fortified Wall
28:39 Ballistics
33:08 Imperial Age
31:51 Ballistas
32:02 Masonry
32:22 Caravan
35:24 Chemistry
34:45 Conscription
34:23 Heavy Scorpion
37:09 Siege Engineers
36:36 Pikeman
37:17 Squires
37:22 Scale Mail Armor
37:33 Forging
38:45 Architecture
37:57 Halberdier
40:32 Chain Mail Armor
43:10 Iron Casting
53:57 Murder Holes
AxingQuestions
7:08 Loom
10:54 Feudal Age
12:48 Double-Bit Axe
15:17 Castle Age
13:17 Horse Collar
16:46 Bow Saw
17:09 Heavy Plow
21:04 Town Watch
24:01 Stone Mining
27:31 Imperial Age
25:04 Gold Mining
26:47 Gold Shaft Mining
27:05 Scale Mail Armor
28:36 Conscription
27:40 Elite Berserk
28:56 Hoardings
28:46 Chain Mail Armor
28:42 Forging
29:41 Two-Man Saw
29:53 Crop Rotation
29:57 Plate Mail Armor
30:28 Town Patrol
31:22 Iron Casting
30:39 Treadmill Crane
31:11 Masonry
31:15 Murder Holes
31:14 Fletching
32:16 Elite Skirmisher
32:58 Padded Archer Armor
33:59 Blast Furnace
33:12 Chieftains
33:13 Bogsveigar
34:25 Bodkin Arrow
34:46 Leather Archer Armor
34:25 Elite Varangian Guard
35:06 Squires
34:52 Arson
36:11 Bracer
38:20 Ring Archer Armor
38:08 Caravan
38:27 Pikeman
42:48 Ballistics
43:29 Chemistry
43:00 Architecture
54:50 Crossbowman
ugurito
8:58 Loom
11:00 Feudal Age
11:42 Double-Bit Axe
11:43 Domestication
19:27 Castle Age
18:59 Scale Barding Armor
20:45 Bow Saw
22:34 Chain Barding Armor
23:07 Pastoralism
24:12 Wheelbarrow
25:49 Forging
27:07 Gold Mining
29:41 Hand Cart
34:47 Imperial Age
33:06 Caravan
33:24 Town Watch
34:24 Husbandry
35:04 Iron Casting
34:21 Fletching
36:07 Plate Barding Armor
35:22 Fletching
34:55 Heavy Camel Rider
36:49 Two-Man Saw
35:14 Elite Steppe Lancer
37:25 Conscription
37:56 Ordo Cavalry
39:23 Transhumance
40:21 Pikeman
41:01 Squires
41:06 Bodkin Arrow
41:12 Padded Archer Armor
42:39 Bracer
42:13 Elite Skirmisher
43:17 Thumb Ring
43:49 Leather Archer Armor
44:41 Chemistry
44:01 Ballistics
43:54 Masonry
46:53 Ring Archer Armor
48:40 Pikeman
49:20 Squires
49:51 Guard Tower
51:38 Coinage
50:57 Light Cavalry
52:58 Banking
52:39 Guilds
53:02 Hussar
58:04 Siege Engineers
58:21 Capped Ram
59:41 Siege Ram
Lord Housedrick
7:19 Loom
9:38 Feudal Age
10:18 Double-Bit Axe
12:02 Horse Collar
13:30 Wheelbarrow
12:41 Town Watch
21:53 Castle Age
21:42 Bloodlines
21:58 Gold Mining
23:18 Hand Cart
22:59 Fletching
23:09 Padded Archer Armor
23:27 Bow Saw
23:20 Heavy Plow
24:14 Bodkin Arrow
24:27 Thumb Ring
25:18 Masonry
31:06 Imperial Age
28:43 Stone Mining
31:59 Ballistics
31:34 Murder Holes
31:56 Caravan
31:26 Elite Kipchak
32:42 Hoardings
33:04 Conscription
33:55 Town Patrol
35:06 Leather Archer Armor
35:54 Chemistry
34:40 Light Cavalry
35:47 Hussar
37:22 Steppe Husbandry
38:30 Scale Barding Armor
38:56 Ring Archer Armor
38:34 Scale Barding Armor
38:41 Forging
41:00 Chain Barding Armor
44:48 Plate Barding Armor
44:28 Forging
62:01 Iron Casting
Kryptonknight
10:51 Feudal Age
14:26 Castle Age
12:16 Double-Bit Axe
12:31 Horse Collar
15:33 Bow Saw
15:25 Heavy Plow
20:14 Wheelbarrow
21:30 Hand Cart
24:45 Fletching
24:49 Loom
24:51 Town Watch
28:17 Imperial Age
26:01 Gold Mining
26:12 Bodkin Arrow
27:39 Gold Shaft Mining
26:54 Stone Mining
27:36 Town Patrol
27:51 Padded Archer Armor
28:47 Ballistics
29:20 Leather Archer Armor
29:45 Bracer
30:47 Chemistry
30:53 Two-Man Saw
29:19 Elite Longbowman
31:01 Yeomen
31:29 Conscription
31:46 Arrowslits
31:57 Murder Holes
32:14 Siege Engineers
33:22 Ring Archer Armor
34:56 Warwolf
36:42 Masonry
36:14 Treadmill Crane
46:40 Hoardings
45:41 Sappers
46:47 Architecture
48:34 Caravan
54:02 Guilds
Amante Peludo
7:17 Loom
11:19 Feudal Age
15:55 Castle Age
22:52 Wheelbarrow
22:54 Double-Bit Axe
23:10 Horse Collar
24:28 Hand Cart
24:50 Gold Mining
25:19 Heavy Plow
25:30 Bow Saw
28:53 Forging
28:57 Bloodlines
31:53 Imperial Age
29:30 Grand Trunk Road
29:34 Husbandry
31:52 Iron Casting
31:24 Scale Barding Armor
32:02 Heavy Camel Rider
33:05 Conscription
33:48 Blast Furnace
33:08 Caravan
34:18 Scale Mail Armor
34:41 Chain Barding Armor
35:05 Imperial Camel Rider
36:55 Ballistics
38:59 Plate Barding Armor
38:24 Scale Mail Armor
38:26 Padded Archer Armor
38:29 Shatagni
41:38 Leather Archer Armor
43:38 Chemistry
42:37 Light Cavalry
43:43 Thumb Ring
44:12 Ring Archer Armor
43:37 Hussar
50:03 Siege Elephant
56:22 Siege Engineers
61:51 Fletching
Rōnin
3:03 Loom
11:11 Feudal Age
12:04 Double-Bit Axe
12:02 Horse Collar
18:25 Castle Age
17:55 Scale Barding Armor
18:13 Bloodlines
18:27 Forging
18:18 Gold Mining
18:59 Town Watch
19:28 Bow Saw
20:42 Heavy Plow
22:40 Chain Barding Armor
24:27 Wheelbarrow
24:55 Husbandry
25:39 Hand Cart
25:42 Fletching
26:30 Iron Casting
30:50 Imperial Age
29:10 Bodkin Arrow
29:38 Ballistics
31:07 Cavalier
32:24 Plate Barding Armor
32:25 Conscription
33:38 Two-Man Saw
33:09 Masonry
32:39 Paladin
34:22 Blast Furnace
35:13 Architecture
36:07 Bracer
37:08 Guilds
39:22 Elite Conquistador
39:27 Light Cavalry
40:10 Padded Archer Armor
41:05 Caravan
41:49 Leather Archer Armor
41:00 Hussar
42:58 Chemistry
44:56 Stone Mining
45:04 Stone Mining
47:10 Fortified Wall
46:56 Murder Holes
ueatallmapercs
11:28 Feudal Age
13:05 Loom
15:46 Castle Age
15:14 Double-Bit Axe
19:45 Forging
21:44 Bow Saw
22:52 Wheelbarrow
22:03 Loom
24:10 Gold Mining
24:10 Stone Mining
28:35 Scale Barding Armor
29:07 Iron Casting
28:44 Husbandry
32:04 Imperial Age
29:52 Hand Cart
30:19 Town Watch
31:25 Treadmill Crane
31:40 Murder Holes
32:10 Chain Barding Armor
33:34 Caravan
34:00 Chivalry
34:20 Conscription
35:56 Gold Shaft Mining
35:17 Elite Throwing Axeman
35:20 Cavalier
37:02 Blast Furnace
36:37 Plate Barding Armor
36:25 Paladin
37:57 Town Patrol
39:44 Fletching
39:56 Scale Mail Armor
58:42 Bodkin Arrow
59:03 Chain Mail Armor
59:40 Ballistics
60:21 Chemistry
59:33 Fortified Wall
59:29 Siege Engineers
59:36 Masonry
61:01 Plate Mail Armor
61:11 Hoardings
Connection lost

Rejoining the realm…

Still unreachable

The connection could not be restored.

Session expired

The server has moved on; the page needs a fresh start.